 Dungeon Crawl Stone Soup version 0.30-a0-852-g08b95dd62f (webtiles) character file.

Game seed: 5927408830224929374

401 Rocko1345 the Poker (level 7, -4/53 HPs)
             Began as a Human Monk on Mar 4, 2023.
             Slain by a lemure (6 damage)
             ... led by Pikel
             ... on level 4 of the Dungeon.
             The game lasted 00:17:54 (3005 turns).

Rocko1345 the Poker (Human Monk)                    Turns: 3005, Time: 00:17:55

Health: -4/53      AC:  2    Str: 12    XL:     7   Next: 11%
Magic:  18/18      EV: 14    Int: 12    God:
Gold:   145        SH:  5    Dex: 21    Spells: 3/9 levels left

rFire   + . .      SeeInvis .    w - +0 dagger (holy)
rCold   + . .      Faith    .    (no shield)
rNeg    . . .      Spirit   .    b - +0 robe
rPois   +          Reflect  +    (no helmet)
rElec   +          Rampage  .    (no cloak)
rCorr   +                        (no gloves)
Will    .....                    (no boots)
Stlth   +++                      f - amulet of reflection
HPRegen 0.28/turn                h - +6 ring of dexterity
MPRegen 0.16/turn                n - ring of magical power

@: resistant
A: no striking features
a: no special abilities


You were on level 4 of the Dungeon.
You visited 1 branch of the dungeon, and saw 4 of its levels.

You collected 145 gold pieces.

Inventory:

Hand Weapons
 a - a +0 spear
 i - a +0 long sword
 q - a +0 trident
 w - a +0 dagger of holy wrath (weapon)
Missiles
 e - 2 throwing nets (quivered)
 m - 8 poisoned darts
Armour
 b - a +0 robe (worn)
Jewellery
 f - an amulet of reflection (around neck)
 h - a +6 ring of dexterity (left hand)
 n - a ring of magical power (right hand)
 t - a ring of protection from fire
Wands
 p - a wand of paralysis (7)
Scrolls
 c - a scroll of blinking {unknown}
 d - a scroll of fog {unknown}
 g - 2 scrolls of identify
 j - 2 scrolls of torment
 o - a scroll of acquirement {unknown}
 s - a scroll of magic mapping {unknown}
 u - a scroll of vulnerability {unknown}
Potions
 l - 2 potions of attraction
 v - a potion of flight {unknown}


   Skills:
 + Level 3.7 Fighting
 + Level 4.2 Polearms
 + Level 3.6 Dodging
 + Level 4.0 Stealth
 + Level 1.0 Shields
 + Level 1.9 Spellcasting
 + Level 2.3 Necromancy
 + Level 0.3 Evocations


You had 3 spell levels left.
You knew the following spells:

 Your Spells              Type           Power      Damage    Failure   Level
a - Apportation           Tloc           2%         N/A       28%         1
b - Necrotise             Necr           24%        1d5       11%         1
c - Sublimation of Blood  Necr           6%         N/A       16%         2
d - Poisonous Vapours     Pois/Air       2%         N/A       38%         2

Your spell library contained the following spells:

 Spells                   Type           Power      Damage    Failure   Level
 Summon Small Mammal      Summ           4%         N/A       28%         1
 Cigotuvi's Dreadful Rot  Necr/Pois/Air  6%         N/A       30%         2
 Mephitic Cloud           Conj/Pois/Air  1%         N/A       63%         3
 Petrify                  Tmut/Erth      1%         N/A       95%         4
 Irradiate                Conj/Tmut      0%         3d11      100%        5


Dungeon Overview and Level Annotations

Branches:
Dungeon (4/15)
 Temple: D:4-7

Altars:
Trog


Message History

The lemure hits you!
* * * LOW HITPOINT WARNING * * *
You hit the lemure but do no damage.
The lemure is severely wounded.
The lemure hits you.
* * * LOW HITPOINT WARNING * * *
The lemure misses you.
You puncture the lemure!
You kill the lemure!
That felt strangely unrewarding.
Your +0 dagger of holy wrath softly glows with a divine radiance!
w - a +0 dagger of holy wrath (weapon)
The lemure hits you.
* * * LOW HITPOINT WARNING * * *
You hit the lemure.
The lemure convulses.
The lemure is lightly wounded.
The lemure closely misses you.
You hit the lemure but do no damage.
The lemure is lightly wounded.
You hit the lemure.
The lemure convulses.
The lemure is moderately wounded.
The lemure barely misses you. The lemure closely misses you.
The lemure attacks as you move away! The lemure barely misses you.
It was a potion of resistance.
You feel protected. The lemure completely misses you.
The lemure closely misses you. The lemure attacks as you move away!
The lemure closely misses you.
You hit the lemure but do no damage. The lemure hits you.
* * * LOW HITPOINT WARNING * * *
The lemure hits you.
* * * LOW HITPOINT WARNING * * *
The lemure attacks as you move away! You block the lemure's attack.
The lemure attacks as you move away! You block the lemure's attack.
The lemure attacks as you move away! The lemure hits you but does no damage.
Aiming: Paralyse
Press: ? - help, Shift-Dir - straight line, f - lemure
Aim: a lemure (chance to affect: 50%)
The lemure resists with some effort.
The lemure hits you.
You die...

#######...##
##.## #.. #.#
#.# ####.# #.#
..##.# #.#
#.##.# #.#
#.##.# #.#
#5##.# #.#
#.##.# ##@#
#.##.#####5#.#
#........5###..
####.......#
.... ########.#
..... ## ###..
.


You could see 2 lemures.

Vanquished Creatures
  A steam dragon (D:3)
  2 lemures (D:4)
  A scorpion (D:3)
  A hound (D:4)
  Jessica (D:3)
  Natasha (thrice) (D:3)
  3 adders
  A worm (D:3)
  A dart slug (D:3)
  6 orcs
  3 endoplasms
  4 giant cockroaches
  4 goblins
  3 hobgoblins
  3 ball pythons
  5 bats
  3 frilled lizards
  3 kobolds
  6 rats
54 creatures vanquished.

Notes
Turn   | Place    | Note
-------+----------+-------------------------------------------
     0 | D:1      | Rocko1345 the Human Monk began the quest for the Orb.
     0 | D:1      | Reached XP level 1. HP: 18/18 MP: 1/1
   187 | D:1      | Reached XP level 2. HP: 24/24 MP: 2/2
   542 | D:2      | Learned a level 1 spell: Apportation
   562 | D:2      | Reached XP level 3. HP: 29/29 MP: 3/3
   641 | D:2      | Learned a level 1 spell: Necrotise
  1656 | D:3      | Noticed Natasha
  1677 | D:3      | Reached XP level 4. HP: 10/35 MP: 4/4
  1683 | D:3      | Killed Natasha
  1684 | D:3      | Reached skill level 1 in Spellcasting
  1684 | D:3      | Reached skill level 1 in Necromancy
  1906 | D:3      | Noticed a steam dragon
  1977 | D:3      | Killed a steam dragon
  1978 | D:3      | Reached XP level 5. HP: 9/41 MP: 5/7
  1978 | D:3      | Reached XP level 6. HP: 10/47 MP: 5/8
  2181 | D:3      | Learned a level 2 spell: Sublimation of Blood
  2208 | D:3      | Noticed Jessica
  2220 | D:3      | Killed Jessica
  2292 | D:3      | Found a bloodstained altar of Trog.
  2331 | D:3      | Noticed Natasha
  2339 | D:3      | Killed Natasha
  2499 | D:3      | Noticed Natasha
  2519 | D:3      | Killed Natasha
  2738 | D:4      | Reached XP level 7. HP: 52/52 MP: 9/9
  2745 | D:4      | Learned a level 2 spell: Poisonous Vapours
  2838 | D:4      | Reached skill level 1 in Shields
  3000 | D:4      | HP: 1/53 [lemure[Pikel] (3)]
  3005 | D:4      | Slain by a lemure

Illustrated notes

Levels and vault maps discovered:
D:1:      scummos_arrival_star, layout_basic
D:2:      layout_loops_ring
D:3:      layout_rooms, lightli_temple_of_fire, uniq_jessica, uniq_natasha
D:4:      layout_loops_ring, uniq_pikel

Skill      XL: |  1  2  3  4  5  6  7 |
---------------+----------------------+-----
Spellcasting   | 1 |  1.9
Necromancy     | 1 2 |  2.3
Stealth        | 3 4 |  4.0
Polearms       | 4 |  4.2
Shields        | 1 |  1.0
Fighting       | |  3.7
Dodging        | |  3.6
Evocations     | |  0.3

Action                     |  1- 3 |  4- 6 |  7- 9 || total
---------------------------+-------+-------+-------++-------
  Melee: Spear             |    76 |       |       ||    76
         Trident           |    32 |    62 |    39 ||   133
         Dagger            |       |       |     4 ||     4
   Cast: Necrotise         |    23 |    20 |       ||    43
         Sublimation of Bl |       |     1 |       ||     1
         Poisonous Vapours |       |       |     5 ||     5
  Evoke: Wand              |       |     5 |     1 ||     6
    Use: Scroll            |     1 |     2 |       ||     3
         Potion            |       |     3 |     1 ||     4
   Stab: Sleeping          |     4 |     2 |       ||     6
         Paralysed         |       |    19 |       ||    19
 Armour: Robe              |    17 |     6 |     6 ||    29
  Dodge: Dodged            |    70 |    26 |    31 ||   127
  Block: Other             |    22 |    12 |    11 ||    45

Table legend: (Time is in decaauts)
 A = Elapsed time spent in this place.
 B = Non-inter-level travel time spent in this place.
 C = Inter-level travel time spent in this place.
 D = Time resting spent in this place.
 E = Time spent auto-exploring this place.
 F = Levels seen in this place.
 G = Mean time per level.
                   A        B        C        D        E       F      G
               +--------+--------+--------+--------+--------+-----+--------+
         Total |   3011 |   2907 |    104 |    679 |   1323 |   4 |  752.8 |
       Dungeon |   3011 |   2907 |    104 |    679 |   1323 |   4 |  752.8 |
               +--------+--------+--------+--------+--------+-----+--------+

Top non-repeatable levels by time:
     D:3: 1294 daAuts
     D:2: 961 daAuts
     D:1: 451 daAuts
     D:4: 304 daAuts
